 Dungeon Sprint DCSS version 0.29-a0-362-g5854e031c7 (webtiles) character file.

Game seed: 15049294721870057613

22311 mhtbhm the Cutthroat (level 13, -8/104 HPs)
             Began as a Kobold Berserker on Apr 29, 2022.
             Was the Champion of Trog.
             Killed from afar by a rakshasa (31 damage)
             ... with a lance of force
             ... in the Dungeon (Sprint IX: "|||||||||||||||||||||||||||||").
             The game lasted 00:05:18 (3165 turns).

mhtbhm the Cutthroat (Kobold Berserker)             Turns: 3165, Time: 00:05:19

Health: -8/104     AC: 20    Str: 18    XL:     13   Next: 26%
Magic:  13/13      EV: 20    Int:  9    God:    Trog [******]
Gold:   18         SH:  0    Dex: 15    Spells: 12/12 levels left

rFire   + + .      SeeInvis +   a - +2 rapier (drain)
rCold   . . .      Faith    .   (no shield)
rNeg    . . .      Spirit   .   b - +2 ring mail {rF+}
rPois   .          Reflect  .   m - +1 helmet
rElec   .          Harm     .   u - +0 cloak
rCorr   .          Rampage  ∞   k - +1 pair of gloves
Will    .....      NoTele   +   q - +3 pair of seven-league boots {Rampage+∞}
Stlth   ++++......              s - amulet of regeneration
HPRegen 1.07/turn               y - ring of protection from fire
MPRegen 0.13/turn               x - ring of see invisible

@: on berserk cooldown, slowed, studying Short Blades, very slow
A: small, no large weapons, nightstalker 3
a: Renounce Religion, Berserk, Trog's Hand, Brothers in Arms


You were in the Dungeon.
You worshipped Trog.
Trog was exalted by your worship.
You visited 1 branch You collected 1870 gold pieces.
You spent 1852 gold pieces at shops.

Inventory:

Hand Weapons
 a - a +2 rapier of draining (weapon)
Missiles
 t - 3 poisoned darts
 v - 3 curare-tipped darts (quivered)
Armour
 b - a +2 ring mail of fire resistance (worn)
 k - a +1 pair of gloves (worn)
 m - a +1 helmet (worn)
 q - the +3 pair of seven-league boots (worn) {Rampage+∞}
   (You bought it in a shop in the Dungeon)

   Its wearer moves as far as possible in that direction when moving towards
   enemies.
 u - a +0 cloak (worn)
Jewellery
 s - an amulet of regeneration (around neck)
 w - a ring of ice
 x - a ring of see invisible (right hand)
 y - a ring of protection from fire (left hand)
 z - a ring of ice
Wands
 j - a wand of iceblast (8)
Scrolls
 h - 3 scrolls of blinking
 l - a scroll of fear
 o - a scroll of magic mapping
 p - 5 scrolls of enchant armour
 r - 4 scrolls of identify
Potions
 c - 7 potions of curing
 d - 12 potions of heal wounds
 e - a potion of haste
 f - 4 potions of magic
 g - 4 potions of berserk rage
 i - 2 potions of invisibility


   Skills:
 + Level 21.4 Fighting
 + Level 26.5 Short Blades
 + Level 10.5 Armour
 + Level 13.5 Dodging
 + Level 7.6 Stealth
 + Level 3.1 Evocations


You had 12 spell levels left.
You didn't know any spells.
Your spell library was empty.

Dungeon Overview and Level Annotations

Branches:
Dungeon (1/1)

Altars:
Cheibriados
Dithmenos
Elyvilon
Fedhas
Gozag
Hepliaklqana
Kikubaaqudgha
Makhleb
Nemelex Xobeh
Okawaru
Qazlal
Ru
Sif Muna
Trog
Uskayaw
Vehumet
Wu Jian
Xom
Yredelemnul
Zin
The Shining One
Beogh
Jiyva
Lugonu

Shops:
D *::[


Innate Abilities, Weirdness & Mutations

You are small and have problems with some larger weapons.
You are completely attuned to the shadows.


Message History

The centaur warrior is severely wounded.
The centaur warrior completely misses you.
The centaur warrior kicks you but does no damage.
You hit the centaur warrior but do no damage.
You drain the centaur warrior.
The centaur warrior is almost dead.
The centaur warrior misses you. x2; The rakshasa blinks!
You puncture the centaur warrior!
You kill the centaur warrior!
Trog accepts your kill.
You hit the rakshasa but do no damage.
The rakshasa hits you with a +0 long sword!
You hit the rakshasa but do no damage.
The rakshasa hits you but does no damage.
You barely miss the rakshasa. The rakshasa gestures at you.
The lance of force hits you.
You are knocked back by the lance of force.
A white very ugly thing, a fire dragon, a stone giant and a deep troll earth mage come into view.
The white very ugly thing gurgles horribly!
The fire dragon roars deafeningly!
The stone giant shouts!
The deep troll earth mage shouts!
You hit the fire dragon.
The fire dragon is lightly wounded.
You hear a shout!
You hit the white very ugly thing. You drain the white very ugly thing.
The white very ugly thing is lightly wounded.
You closely miss the white very ugly thing.
The white very ugly thing is lightly wounded.
You puncture the white very ugly thing! You drain the white very ugly thing.
The white very ugly thing is moderately wounded.
The white very ugly thing tail-slaps you but does no damage.
You barely miss the white very ugly thing.
The white very ugly thing is moderately wounded.
The white very ugly thing tail-slaps you!
The white very ugly thing freezes you!!!
* * * LOW HITPOINT WARNING * * *
The rakshasa gestures at you. The lance of force hits you!!
You die...

▓▓▓▓▓▓▓▓▓▓▓▓▓▓▓▓▓▓▓▓▓
...!.....'))))R.@uDCT
▓▓▓▓▓▓▓▓▓▓▓▓▓▓▓▓▓▓▓▓▓▓▓▓▓▓▓▓▓▓▓▓▓
.................................
▓▓▓▓▓▓▓▓▓▓▓▓▓▓▓▓▓▓▓▓▓▓▓▓▓▓▓▓▓▓▓▓▓
).....)')))))∩.∩.∩)∩))...'.......
▓▓▓▓▓▓▓▓▓▓▓▓▓▓▓▓▓▓▓▓▓▓▓▓▓▓▓▓▓▓▓▓▓
.........)...........[)).........
▓▓▓▓▓▓▓▓▓▓▓▓▓▓▓▓▓▓▓▓▓▓▓▓▓▓▓▓▓▓▓▓▓
÷.......'†)††.......['...[[[..'..


You could see a white very ugly thing (drained), a fire dragon, a stone giant, a
rakshasa and a deep troll earth mage.

Vanquished Creatures
  A broodmother (shapeshifter) (D)
  Josephine (D)
  2 hydras (D)
  6 ogre magi (D)
  4 centaur warriors (D)
  A boulder beetle (D)
  4 two-headed ogres (D)
  2 orc high priests (D)
  Sonja (D)
  An orc knight (D)
  An ugly thing (D)
  A cyclops (D)
  A salamander (shapeshifter) (D)
  Joseph (D)
  3 cane toads (D)
  2 komodo dragons (D)
  A rime drake (D)
  A kobold demonologist (D)
  A polar bear (D)
  A wind drake (shapeshifter) (D)
  2 tyrant leeches (D)
  3 blink frogs (D)
  2 wyverns (D)
  5 wraiths (D)
  A yak (D)
  A basilisk (D)
  4 vampire mosquitoes (D)
  3 water moccasins (D)
  9 orc warriors (D)
  A black bear (D)
  3 ogres (D)
  2 wolves (D)
  A centaur (D)
  3 bullfrogs (D)
  A scorpion (D)
  A gnoll sergeant (D)
  A wight (D)
  A howler monkey (D)
  5 orc priests (D)
  A gnoll shaman (D)
  An orc wizard (D)
  A gnoll (D)
  7 orcs (D)
  An endoplasm (D)
  2 hobgoblins (D)
  2 ball pythons (D)
100 creatures vanquished.

Notes
Turn   | Place    | Note
-------+----------+-------------------------------------------
     0 | D        | mhtbhm the Kobold Berserker began the quest for the Orb.
     0 | D        | Reached XP level 1. HP: 14/14 MP: 1/1
    14 | D        | Reached ** piety under Trog
    20 | D        | Reached skill level 5 in Short Blades
   228 | D        | Noticed a gnoll shaman
   228 | D        | Noticed a scorpion
   229 | D        | Noticed a black bear
   235 | D        | Killed a gnoll shaman
   236 | D        | Reached skill level 5 in Fighting
   236 | D        | Reached skill level 6 in Short Blades
   236 | D        | Reached XP level 2. HP: 13/21 MP: 2/2
   236 | D        | Reached XP level 3. HP: 17/26 MP: 3/3
   239 | D        | Noticed a gnoll sergeant
   240 | D        | Reached *** piety under Trog
   241 | D        | Reached skill level 7 in Short Blades
   246 | D        | Killed a scorpion
   247 | D        | Reached skill level 9 in Short Blades
   247 | D        | Reached XP level 4. HP: 16/32 MP: 4/4
   247 | D        | Reached XP level 5. HP: 18/37 MP: 5/5
   533 | D        | Killed a black bear
   534 | D        | Reached skill level 10 in Short Blades
   534 | D        | Reached XP level 6. HP: 44/44 MP: 6/6
   546 | D        | Reached skill level 11 in Short Blades
   550 | D        | Found a snail-covered altar of Cheibriados.
   550 | D        | Found a shadowy altar of Dithmenos.
   551 | D        | Found a white marble altar of Elyvilon.
   552 | D        | Found a blossoming altar of Fedhas.
   553 | D        | Found an opulent altar of Gozag.
   554 | D        | Found a hazy altar of Hepliaklqana.
   555 | D        | Found a viscous altar of Jiyva.
   556 | D        | Found an ancient bone altar of Kikubaaqudgha.
   557 | D        | Found a corrupted altar of Lugonu.
   558 | D        | Found a burning altar of Makhleb.
   559 | D        | Found a sparkling altar of Nemelex Xobeh.
   560 | D        | Found an iron altar of Okawaru.
   561 | D        | Found a stormy altar of Qazlal.
   562 | D        | Found a sacrificial altar of Ru.
   563 | D        | Found a shimmering blue altar of Sif Muna.
   564 | D        | Found a bloodstained altar of Trog.
   565 | D        | Found a hide-covered altar of Uskayaw.
   566 | D        | Found a radiant altar of Vehumet.
   567 | D        | Found an ornate altar of the Wu Jian Council.
   568 | D        | Found a shimmering altar of Xom.
   569 | D        | Found a basalt altar of Yredelemnul.
   570 | D        | Found a glowing silver altar of Zin.
   571 | D        | Found a glowing golden altar of the Shining One.
   697 | D        | Noticed a yak
   697 | D        | Noticed a wraith
   703 | D        | Killed a yak
   704 | D        | Reached skill level 13 in Short Blades
   704 | D        | Reached skill level 5 in Dodging
   704 | D        | Reached XP level 7. HP: 52/52 MP: 7/7
   704 | D        | Noticed a wraith
   709 | D        | Killed a wraith
   709 | D        | Reached **** piety under Trog
   710 | D        | Reached skill level 10 in Fighting
   710 | D        | Reached skill level 14 in Short Blades
   719 | D        | Killed a wraith
   720 | D        | Reached skill level 15 in Short Blades
   720 | D        | Reached XP level 8. HP: 60/60 MP: 8/8
   765 | D        | Noticed a five-headed hydra
   765 | D        | Noticed a salamander
   766 | D        | Noticed a basilisk
   771 | D        | Killed a five-headed hydra
   772 | D        | Reached skill level 17 in Short Blades
   772 | D        | Reached XP level 9. HP: 60/66 MP: 9/9
   777 | D        | Killed a salamander
   778 | D        | Reached skill level 18 in Short Blades
   784 | D        | Reached ***** piety under Trog
   896 | D        | Noticed a broodmother
   897 | D        | Noticed an orb spider
   897 | D        | Noticed a kobold demonologist
   912 | D        | Noticed an orb spider
   920 | D        | Killed a broodmother
   921 | D        | Reached skill level 19 in Short Blades
   921 | D        | Reached skill level 5 in Armour
   921 | D        | Reached XP level 10. HP: 58/75 MP: 10/10
   923 | D        | Killed a kobold demonologist
   923 | D        | Received a gift from Trog
   924 | D        | Reached skill level 20 in Short Blades
  1082 | D        | Noticed a komodo dragon
  1082 | D        | Noticed a komodo dragon
  1090 | D        | Killed a komodo dragon
  1092 | D        | Killed a komodo dragon
  1101 | D        | Reached skill level 15 in Fighting
  1106 | D        | Reached skill level 21 in Short Blades
  1116 | D        | Received a gift from Trog
  1193 | D        | Noticed a rime drake
  1193 | D        | Noticed a cane toad
  1197 | D        | Killed a rime drake
  1199 | D        | Noticed a seven-headed hydra
  1203 | D        | Killed a cane toad
  1204 | D        | Noticed a cane toad
  1212 | D        | Killed a seven-headed hydra
  1213 | D        | Reached skill level 22 in Short Blades
  1213 | D        | Reached skill level 10 in Dodging
  1213 | D        | Reached XP level 11. HP: 66/83 MP: 11/11
  1424 | D        | Reached ****** piety under Trog
  1425 | D        | Reached skill level 1 in Stealth
  1685 | D        | Identified the +8 dagger of Impatience {vorpal, rN++} (Trog
                  | gifted it to you in the Dungeon)
  1685 | D        | Received a gift from Trog
  1881 | D        | Noticed Sonja
  1882 | D        | Noticed Joseph
  1883 | D        | Killed Sonja
  1896 | D        | Killed Joseph
  1896 | D        | Received a gift from Trog
  1897 | D        | Reached skill level 23 in Short Blades
  1923 | D        | Noticed Josephine
  1940 | D        | Killed Josephine
  1941 | D        | Reached skill level 1 in Evocations
  2169 | D        | Received a gift from Trog
  2195 | D        | Received a gift from Trog
  2348 | D        | Noticed an orc high priest
  2358 | D        | Noticed an orc knight
  2366 | D        | Killed an orc high priest
  2367 | D        | Reached XP level 12. HP: 80/94 MP: 12/12
  2594 | D        | Noticed an orc high priest
  2601 | D        | Noticed a sixfirhy
  2603 | D        | Killed an orc high priest
  2603 | D        | Received a gift from Trog
  2708 | D        | Noticed a two-headed ogre
  2708 | D        | Noticed an ogre mage
  2709 | D        | Noticed a two-headed ogre
  2710 | D        | Killed a two-headed ogre
  2711 | D        | Noticed an ogre mage
  2721 | D        | Killed an ogre mage
  2722 | D        | Reached skill level 24 in Short Blades
  2722 | D        | Found Suvevit's Assorted Antiques.
  2724 | D        | Noticed an ogre mage
  2727 | D        | Killed a two-headed ogre
  2732 | D        | Killed an ogre mage
  2732 | D        | Received a gift from Trog
  2733 | D        | Reached skill level 5 in Stealth
  2736 | D        | Killed an ogre mage
  2737 | D        | Found Hosofo Rusm's Book Shoppe.
  2800 | D        | Found Axti's Book Emporium.
  2801 | D        | Noticed a two-headed ogre
  2802 | D        | Found Kistrusu's Armour Shoppe.
  2803 | D        | Noticed an ogre mage
  2806 | D        | Noticed an ogre mage
  2807 | D        | Killed a two-headed ogre
  2808 | D        | Noticed an ogre mage
  2809 | D        | Paralysed by an ogre mage for 2 turns
  2811 | D        | Noticed a two-headed ogre
  2819 | D        | Killed an ogre mage
  2819 | D        | Received a gift from Trog
  2821 | D        | Paralysed by an ogre mage for 5 turns
  2832 | D        | Killed an ogre mage
  2834 | D        | Killed an ogre mage
  2835 | D        | Reached skill level 25 in Short Blades
  2837 | D        | Killed a two-headed ogre
  2838 | D        | Reached skill level 10 in Armour
  2877 | D        | Bought the +3 pair of seven-league boots {Rampage+∞} for
                  | 480 gold pieces
  2877 | D        | Found the +3 pair of seven-league boots {Rampage+∞}
  2879 | D        | Bought a manual of Short Blades for 1040 gold pieces
  2883 | D        | Bought a scroll of enchant armour for 142 gold pieces
  2883 | D        | Bought a potion of invisibility for 152 gold pieces
  2883 | D        | Bought a scroll of identify for 38 gold pieces
  3099 | D        | Noticed a centaur warrior
  3099 | D        | Noticed a centaur warrior
  3100 | D        | Noticed a boulder beetle
  3115 | D        | Killed a centaur warrior
  3116 | D        | Reached XP level 13. HP: 103/103 MP: 13/13
  3117 | D        | Noticed a centaur warrior
  3122 | D        | Killed a boulder beetle
  3122 | D        | Received a gift from Trog
  3125 | D        | Killed a centaur warrior
  3133 | D        | Noticed a centaur warrior
  3138 | D        | Killed a centaur warrior
  3139 | D        | Reached skill level 26 in Short Blades
  3151 | D        | Noticed a rakshasa
  3157 | D        | Killed a centaur warrior
  3160 | D        | Noticed a white very ugly thing
  3160 | D        | Noticed a fire dragon
  3160 | D        | Noticed a stone giant
  3165 | D        | Killed from afar by a rakshasa

Illustrated notes

Levels and vault maps discovered:
D:        linesprint [early_d, line_temple, items_1, d_10, items_2, lair_1,
          lair_end, items_3, orc_1, orc_end, items_4, d_15, swamp_1, shoals_1,
          snake_1, spider_1, d_20, vaults_1, items_5, swamp_end, shoals_end,
          snake_end, spider_end, vaults_end, d_27, items_6, zot_1, zot_end,
          crypt_end, forest_end, elf_end, slime_end, tomb_end, abyss_end,
          pan_hell_end]

Skill      XL: |  1  2  3  4  5  6  7  8  9 10 11 12 13 |
---------------+----------------------------------------+-----
Fighting       | 5 6 7 9 11 12 14 16 18 20 21 | 21.4
Short Blades   | 6 9 10 13 15 17 19 22 23 25 26 | 26.5
Armour         | 2 3 4 5 6 8 10 | 10.5
Dodging        | 3 4 5 6 7 8 10 11 13 | 13.5
Stealth        | 3 6 7 |  7.6
Evocations     | 1 2 3 |  3.1

Action                   |  1- 3 |  4- 6 |  7- 9 | 10-12 | 13-15 || total
-------------------------+-------+-------+-------+-------+-------++-------
Melee: Short sword       |    30 |    14 |       |       |       ||    44
       Rapier            |       |     5 |    53 |   304 |    50 ||   412
       Punch             |       |       |       |     3 |       ||     3
Invok: Berserk           |     1 |     2 |     2 |     8 |       ||    13
       Brothers in Arms  |       |       |       |     2 |       ||     2
Evoke: Wand              |       |       |       |     2 |       ||     2
  Use: Scroll            |       |       |       |     2 |       ||     2
       Potion            |       |       |       |     1 |       ||     1
 Stab: Sleeping          |       |       |       |     2 |       ||     2
Armor: Scale mail        |       |     1 |     8 |    15 |       ||    24
       Ring mail         |       |       |       |    18 |    19 ||    37
Dodge: Dodged            |    10 |     7 |    21 |   130 |    21 ||   189

Table legend: (Time is in decaauts)
 A = Elapsed time spent in this place.
 B = Non-inter-level travel time spent in this place.
 C = Inter-level travel time spent in this place.
 D = Time resting spent in this place.
 E = Time spent auto-exploring this place.
 F = Levels seen in this place.
 G = Mean time per level.
                   A        B        C        D        E       F      G
               +--------+--------+--------+--------+--------+-----+--------+
         Total |   3029 |   3029 |      0 |   1738 |    242 |   1 | 3029.0 |
       Dungeon |   3029 |   3029 |      0 |   1738 |    242 |   1 | 3029.0 |
               +--------+--------+--------+--------+--------+-----+--------+

Top non-repeatable levels by time:
       D: 3029 daAuts
